[Event "42nd Olympiad Baku 2016 Women"]
[Site "Baku"]
[Date "2016.09.06"]
[Round "5.27"]
[White "Alaoui Belghiti, Chaimaa"]
[Black "Joao, Delfina"]
[Result "1-0"]
[ECO "D31"]
[WhiteElo "1654"]
[BlackElo "1659"]
[Annotator ""]
[PlyCount "65"]
[EventDate "2016.??.??"]
[EventType "team-tourn"]
[EventCountry "AZE"]
[SourceTitle "playchess.com"]
[Source "ChessBase"]
[WhiteTeam "Morocco"]
[BlackTeam "Angola"]
[WhiteTeamCountry "MAR"]
[BlackTeamCountry "ANG"]
[TimeControl "40/5400+30:1800+30"]

1. c4 {(00:00)} e6 {(00:01)} 2. Nc3 d5 3. d4 {(01:55)} c6
{(01:15)} 4. e3 Bb4 {(00:25)} 5. Nf3 {(04:55)} Nf6 {
(00:35)} 6. c5 {(02:14)} Ne4 {(02:21)} 7. Bd2 {(03:
44)} Nxd2 {(01:07)} 8. Qxd2 {(01:12)} Nd7 {(00:31)} 9. a3
{(01:22)} Qa5 {(05:39)} 10. Rc1 {(01:44)} Bxc3 {(
00:30)} 11. Rxc3 {(03:28)} Nf6 {(01:39)} 12. b4 {(06:32)}
Qc7 {(01:11)} 13. Bd3 {(00:36)} b5 {(12:15)} 14. cxb6 {
(03:45)} axb6 {(04:37)} 15. O-O {(01:24)} Bb7 {(01:
34)} 16. Qc2 {(01:07)} O-O {(14:10)} 17. Ne5 {(01:17)}
Rfc8 {(04:22)} 18. Rc1 {(00:31)} g6 {(10:58)} 19. h3 {
(06:15)} Nd7 {(05:26)} 20. Nxc6 {(03:01)} Kg7 {(11:
35)} 21. Ne7 {(14:41)} Qxc3 {(01:41)} 22. Qxc3 {(00:20)}
Rxc3 {(00:15)} 23. Rxc3 {(00:05)} Kf8 {(00:36)} 24. Rc7 {
(00:59)} Kxe7 {(03:31)} 25. Rxb7 {(00:14)} Rb8 {(
00:41)} 26. Ra7 {(01:48)} Kf8 {(01:14)} 27. Rxd7 {(01:06)}
Ra8 {(04:04)} 28. Bb5 {(04:19)} Rxa3 {(01:07)} 29. Bc6 {
(00:05)} Rc3 {(02:20)} 30. b5 {(01:07)} Rc1+ {(00:
30)} 31. Kh2 {(00:13)} Rc2 {(00:04)} 32. Kg3 {(00:15)} h5
{(04:18)} 33. Rb7 {(00:18)} 1-0

[Event "42nd Olympiad Baku 2016 Women"]
[Site "Baku"]
[Date "2016.09.06"]
[Round "5.22"]
[White "Alattar, Ghayda M"]
[Black "Azman Hisham, Nur Nabila"]
[Result "0-1"]
[ECO "A43"]
[WhiteElo "1964"]
[BlackElo "1994"]
[Annotator ""]
[PlyCount "88"]
[EventDate "2016.??.??"]
[EventType "team-tourn"]
[EventCountry "AZE"]
[SourceTitle "playchess.com"]
[Source "ChessBase"]
[WhiteTeam "Jordan"]
[BlackTeam "Malaysia"]
[WhiteTeamCountry "JOR"]
[BlackTeamCountry "MAS"]
[TimeControl "40/5400+30:1800+30"]

1. d4 {(00:00)} c5 {(00:05)} 2. d5 {(00:00)} d6 {(
00:07)} 3. Nc3 {(00:00)} g6 {(00:37)} 4. e4 {(00:00)} Bg7
{(00:25)} 5. Be2 {(00:54)} Nf6 {(01:50)} 6. h4 {(
04:58)} h5 {(04:33)} 7. Nf3 {(00:07)} Na6 {(05:43)} 8. Ng5
{(02:01)} Nc7 {(03:09)} 9. Bf4 {(05:44)} O-O {(10:
03)} 10. f3 {(01:17)} b5 {(02:18)} 11. Qd2 {(06:17)} Rb8 {
(20:30)} 12. Nd1 {(03:29)} Rb6 {(04:40)} 13. Ne3 {(
13:01)} e6 {(04:45)} 14. dxe6 {(04:14)} Nxe6 {(11:35)} 15.
Nxe6 {(02:28)} Bxe6 {(00:07)} 16. Rd1 {(22:45)} Ne8 {
(04:18)} 17. e5 {(01:42)} Qe7 {(09:54)} 18. Bg5 {(
06:17)} f6 {(00:55)} 19. exf6 {(00:59)} Bxf6 {(00:21)} 20.
Qd3 {(02:06)} Kg7 {(02:07)} 21. f4 {(02:22)} Bxg5 {
(03:37)} 22. fxg5 {(00:28)} Rf4 {(03:15)} 23. c3 {(
05:50)} Bc4 {(02:29)} 24. Nxc4 {(05:36)} bxc4 {(00:10)}
25. Qc2 {(00:34)} Qb7 {(03:30)} 26. Qd2 {(07:03)} Re4 {
(01:20)} 27. Rb1 {(01:14)} Qe7 {(00:08)} 28. Kd1 {(
00:32)} d5 {(00:29)} 29. Bf3 {(00:32)} Re5 {(00:01)} 30.
Re1 {(00:48)} d4 {(00:12)} 31. cxd4 {(00:26)} cxd4 {
(00:01)} 32. Rxe5 {(00:34)} Qxe5 {(00:01)} 33. Rc1 {
(00:59)} Nd6 {(00:24)} 34. Qf2 {(00:22)} d3 {(00:
50)} 35. b3 {(00:47)} c3 {(00:13)} 36. g3 {(00:32)} Nf5 {
(00:22)} 37. Be4 {(00:33)} c2+ {(01:09)} 38. Kd2 {(
00:29)} Qxe4 {(00:19)} 39. Re1 {(00:24)} Qd5 {(01:28)} 40.
g4 {(00:00)} hxg4 {(00:00)} 41. Qf4 {(04:24)} Qa5+ {
(02:26)} 42. b4 {(00:17)} Qxb4+ {(00:15)} 43. Qxb4 {
(01:24)} Rxb4 {(00:06)} 44. Kxd3 {(00:14)} Rb1 {(
00:13] Kd4} 0-1

[Event "42nd Olympiad Baku 2016 Women"]
[Site "Baku"]
[Date "2016.09.06"]
[Round "5.34"]
[White "Aleksandrova, Aleksandra"]
[Black "Larrea, Daniela"]
[Result "1-0"]
[ECO "A45"]
[WhiteElo "1848"]
[BlackElo "1778"]
[Annotator ""]
[PlyCount "91"]
[EventDate "2016.??.??"]
[EventType "team-tourn"]
[EventCountry "AZE"]
[SourceTitle "playchess.com"]
[Source "ChessBase"]
[WhiteTeam "IPCA"]
[BlackTeam "URU"]
[WhiteTeamCountry "ISR"]
[BlackTeamCountry "URU"]
[TimeControl "40/5400+30:1800+30"]

1. d4 {(00:00)} Nf6 {(00:00)} 2. Nd2 {(00:00)} d5 {
(00:00)} 3. e3 {(00:02)} e6 {(00:27)} 4. Bd3 {(00:
10)} c5 {(00:15)} 5. c3 {(00:05)} Nc6 {(00:29)} 6. Ngf3 {
(00:30)} Be7 {(00:33)} 7. O-O {(01:18)} O-O {(00:
23)} 8. Ne5 {(01:48)} Nd7 {(02:46)} 9. f4 {(05:49)} f5 {
(01:27)} 10. g4 {(04:07)} Nf6 {(19:35)} 11. Ndf3 {(
27:51)} c4 {(04:28)} 12. Bb1 {(04:27)} Ne4 {(04:42)} 13.
g5 {(06:54)} Nxe5 {(12:20)} 14. Nxe5 {(09:21)} g6 {
(04:47)} 15. Bxe4 {(13:43)} fxe4 {(01:18)} 16. h4 {
(05:12)} Bd6 {(01:58)} 17. Ng4 {(03:10)} Bd7 {(05:
20)} 18. h5 {(01:31)} Kg7 {(03:48)} 19. Rf2 {(02:32)} Rh8
{(04:43)} 20. Rh2 {(01:38)} Qf8 {(14:31)} 21. Nf6 {
(01:13)} Qf7 {(03:50)} 22. b3 {(01:21)} Bb5 {(05:
29)} 23. a4 {(02:16)} Ba6 {(00:14)} 24. b4 {(00:01)} b6 {
(00:28)} 25. h6+ {(00:54)} Kf8 {(00:28)} 26. b5 {(
00:06)} Bb7 {(01:33)} 27. a5 {(00:20)} Ke7 {(01:09)} 28.
Qa4 {(01:11)} Rhd8 {(03:45)} 29. Rha2 {(01:12)} Kf8 {
(01:03)} 30. Ba3 {(00:39)} Ke7 {(00:41)} 31. Bxd6+ {
(00:52)} Kxd6 {(00:39)} 32. Qb4+ {(01:51)} Kc7 {(
00:28)} 33. Ng4 {(01:15)} Qd7 {(01:12)} 34. Ne5 {(00:39)}
Qe8 {(00:31)} 35. Ng4 {(01:24)} Qd7 {(00:15)} 36. Nf6 {
(00:34)} Qf7 {(00:09)} 37. Ra4 {(00:31)} Rh8 {(01:
03)} 38. R1a3 {(00:08)} Rhd8 {(00:37)} 39. Qb2 {(00:26)}
Rh8 {(00:38)} 40. Qa2 {(00:00)} bxa5 {(00:00)} 41. Rxa5 {
(01:06)} a6 {(16:32)} 42. bxa6 {(02:12)} Bc6 {(00:
19)} 43. a7 {(00:46)} Kd6 {(01:59)} 44. Rc5 {(01:18)} Rhc8
{(03:57)} 45. Ra6 {(00:32)} Qb7 {(01:22)} 46. Qa3 {
(05:02)} 1-0

[Event "42nd Olympiad Baku 2016 Women"]
[Site "Baku"]
[Date "2016.09.06"]
[Round "5.15"]
[White "Aliaga Fernandez, Ingrid Y"]
[Black "Khotenashvili, Bela"]
[Result "0-1"]
[ECO "C45"]
[WhiteElo "2096"]
[BlackElo "2463"]
[Annotator ""]
[PlyCount "110"]
[EventDate "2016.??.??"]
[EventType "team-tourn"]
[EventCountry "AZE"]
[SourceTitle "playchess.com"]
[Source "ChessBase"]
[WhiteTeam "Peru"]
[BlackTeam "Georgia"]
[WhiteTeamCountry "PER"]
[BlackTeamCountry "GEO"]
[TimeControl "40/5400+30:1800+30"]

1. e4 {(00:00)} e5 {(00:00)} 2. Nf3 {(00:00)} Nc6 {
(00:00)} 3. d4 {(00:00)} exd4 {(00:00)} 4. Nxd4 {(
00:00)} Bc5 {(00:05)} 5. Nb3 {(00:02)} Bb6 {(00:07)} 6.
Nc3 {(00:09)} Nf6 {(00:11)} 7. Bg5 {(02:05)} h6 {(
00:32)} 8. Bh4 {(00:29)} d6 {(02:22)} 9. Qe2 {(07:32)} O-O
{(07:00)} 10. O-O-O {(01:48)} Be6 {(03:31)} 11. Kb1 {
(29:43)} Re8 {(07:03)} 12. f3 {(05:30)} a5 {(01:15]
} 13. a4 {(00:21)} Qe7 {(09:15)} 14. Bf2 {(12:20)} Bxf2 {
(05:10)} 15. Qxf2 {(00:15)} Bxb3 {(00:09)} 16. cxb3 {
(00:05)} Nb4 {(00:11)} 17. Bc4 {(01:16)} Nd7 {(08:
05)} 18. h4 {(07:41)} Ne5 {(04:16)} 19. Rhe1 {(08:21)} c6
{(09:40)} 20. Re2 {(11:04)} Nxc4 {(12:02)} 21. bxc4 {
(00:02)} Qe6 {(00:08)} 22. b3 {(07:21)} Qf6 {(05:
46)} 23. Na2 {(00:07)} Na6 {(02:33)} 24. Red2 {(00:50)}
Re6 {(00:17)} 25. h5 {(04:27)} Qe5 {(05:15)} 26. g4 {
(00:26)} Nc5 {(00:35)} 27. Kc2 {(00:26)} Rf6 {(04:
05)} 28. Nc3 {(00:27)} Ra6 {(09:21)} 29. Rf1 {(00:30)} Rb6
{(00:27)} 30. f4 {(00:28)} Qe7 {(00:47)} 31. Rb1 {(
01:08)} Re6 {(01:32)} 32. Re2 {(00:29)} Rb4 {(00:14)} 33.
e5 {(00:13)} dxe5 {(00:47)} 34. f5 {(00:38)} Rd6 {(
00:27)} 35. Qxc5 {(00:46)} Rd2+ {(00:42)} 36. Rxd2 {(00:
01)} Qxc5 {(00:04)} 37. f6 {(00:15)} gxf6 {(00:33)} 38.
Ne4 {(00:37)} Qe3 {(01:17)} 39. Nxf6+ {(00:05)} Kg7 {
(01:26)} 40. Ne8+ {(00:00)} Kf8 {(00:00)} 41. Nd6 {
(01:41)} Kg8 {(07:31)} 42. Nf5 {(08:33)} Qe4+ {(00:
59)} 43. Rd3 {(00:16)} Kh7 {(03:14)} 44. Ne3 {(06:46)} b5
{(03:40)} 45. axb5 {(00:16)} a4 {(01:16)} 46. bxc6 {
(16:45)} Rxb3 {(01:06)} 47. Rbd1 {(00:01)} Rxd3 {(
01:20)} 48. Rxd3 {(00:01)} Qxc6 {(00:42)} 49. Ra3 {(00:11]
} Qc5 {(01:20)} 50. Rc3 {(00:33)} e4 {(03:23)} 51. Nd1 {
(01:20)} Qb4 {(01:45)} 52. c5 {(01:08)} a3 {(00:33]
} 53. c6 {(00:29)} a2 {(00:21)} 54. c7 {(00:06)} a1=Q {
(00:35)} 55. c8=Q {(00:21)} Qa2+ {(00:20)} 0-1

[Event "42nd Olympiad Baku 2016 Women"]
[Site "Baku"]
[Date "2016.09.06"]
[Round "5.2"]
[White "Alkaseir, Roaa"]
[Black "Perez, Dalila"]
[Result "0-1"]
[ECO "C10"]
[WhiteElo "1674"]
[BlackElo "1860"]
[Annotator ""]
[PlyCount "80"]
[EventDate "2016.??.??"]
[EventType "team-tourn"]
[EventCountry "AZE"]
[SourceTitle "playchess.com"]
[Source "ChessBase"]
[WhiteTeam "Syria"]
[BlackTeam "Paraguay"]
[WhiteTeamCountry "SYR"]
[BlackTeamCountry "PAR"]
[TimeControl "40/5400+30:1800+30"]

1. e4 {(00:00)} e6 {(00:00)} 2. d4 {(00:00)} d5 {(
00:00)} 3. Nd2 {(00:00)} dxe4 {(00:00)} 4. Nxe4 {(00:00)}
Nd7 {(00:01)} 5. Nf3 {(02:12)} Ngf6 {(02:21)} 6. Nxf6+ {
(01:13)} Nxf6 {(00:11)} 7. Bd3 {(00:29)} Be7 {(01:
27)} 8. O-O {(01:09)} O-O {(00:18)} 9. c3 {(00:03)} b6 {
(00:16)} 10. Ne5 {(16:55)} Bb7 {(02:11)} 11. Be3 {(
01:41)} Rc8 {(10:44)} 12. Qe2 {(27:51)} c5 {(24:52)} 13.
Rac1 {(03:05)} Qd5 {(09:53)} 14. f3 {(08:21)} Rc7 {
(15:48)} 15. Rfd1 {(03:25)} cxd4 {(03:56)} 16. Bxd4 {
(09:39)} Bc5 {(07:21)} 17. Bc4 {(02:45)} Qd6 {(02:
42)} 18. Kh1 {(03:59)} Bd5 {(04:08)} 19. Bxd5 {(02:27)}
exd5 {(00:51)} 20. Qd2 {(09:00)} Re8 {(03:08)} 21. Re1 {
(03:51)} Rce7 {(03:14)} 22. Nd3 {(01:30)} Bxd4 {(
01:12)} 23. cxd4 {(00:05)} h6 {(01:35)} 24. Ne5 {(00:24)}
Qe6 {(01:18)} 25. Rc6 {(00:55)} Qf5 {(00:14)} 26. g4 {
(00:48)} Qh7 {(00:35)} 27. Rec1 {(00:32)} Nd7 {(01:
03)} 28. Nxd7 {(00:58)} Rxd7 {(00:01)} 29. Rc8 {(00:12)}
Rdd8 {(00:26)} 30. Qc3 {(00:36)} Qg6 {(01:16)} 31. Rc7 {
(00:35)} h5 {(01:07)} 32. gxh5 {(00:45)} Qxh5 {(00:
01)} 33. Re1 {(00:33)} Rxe1+ {(00:18)} 34. Qxe1 {(00:04)}
Qxf3+ {(00:04)} 35. Kg1 {(00:11)} Rd6 {(01:43)} 36. Rc8+ {
(00:35)} Kh7 {(00:01)} 37. Qh4+ {(00:40)} Rh6 {(00:
01)} 38. Qf2 {(00:32)} Rg6+ {(00:42)} 39. Kf1 {(00:09)}
Qh3+ {(01:01)} 40. Ke1 {(00:00)} Qxc8 {(00:00)} 0-1

[Event "42nd Olympiad Baku 2016 Women"]
[Site "Baku"]
[Date "2016.09.06"]
[Round "5.22"]
[White "Al-khulaifi, Fatima A"]
[Black "Clementson, Jessica"]
[Result "1-0"]
[ECO "A22"]
[WhiteElo "1584"]
[BlackElo "1233"]
[Annotator ""]
[PlyCount "51"]
[EventDate "2016.??.??"]
[EventType "team-tourn"]
[EventCountry "AZE"]
[SourceTitle "playchess.com"]
[Source "ChessBase"]
[WhiteTeam "Qatar"]
[BlackTeam "Guyana"]
[WhiteTeamCountry "QAT"]
[BlackTeamCountry "GUY"]
[TimeControl "40/5400+30:1800+30"]

1. c4 {(00:00)} e5 {(00:00)} 2. Nc3 {(00:00)} Nf6 {
(00:00)} 3. g3 {(00:00)} Bc5 {(00:41)} 4. Bg2 {(00:
06)} d6 {(01:19)} 5. e3 {(00:26)} O-O {(01:19)} 6. Nge2 {
(00:45)} Nc6 {(01:17)} 7. O-O {(00:51)} Bf5 {(08:
03)} 8. h3 {(07:17)} Qd7 {(02:59)} 9. Kh2 {(00:09)} Rab8 {
(06:36)} 10. d4 {(08:43)} Bb6 {(07:27)} 11. f4 {(
06:59)} exd4 {(08:13)} 12. exd4 {(01:05)} h6 {(07:31)} 13.
g4 {(06:04)} Bh7 {(04:31)} 14. f5 {(03:19)} Ne7 {(
05:32)} 15. Ng3 {(03:44)} c6 {(03:21)} 16. Nce4 {(05:28)}
Nxe4 {(06:18)} 17. Nxe4 {(02:33)} f6 {(06:11)} 18. c5 {
(05:23)} dxc5 {(01:51)} 19. Nxc5 {(06:23)} Bc7+ {(
03:56)} 20. Kh1 {(00:11)} Qc8 {(01:46)} 21. Ne6 {(03:48)}
Nd5 {(06:33)} 22. Bxd5 cxd5 {(04:00)} 23. Nxc7 {(00:49)}
Qd7 {(06:15)} 24. Bf4 {(08:50)} Rbc8 {(02:33)} 25. Rc1 {
(00:36)} Rf7 {(03:17)} 26. Qb3 {(03:10)} 1-0

[Event "42nd Olympiad Baku 2016 Women"]
[Site "Baku"]
[Date "2016.09.06"]
[Round "5.28"]
[White "Allahverdiyeva, Ayan"]
[Black "Nadirjanova, Nodira"]
[Result "1/2-1/2"]
[ECO "C07"]
[WhiteElo "1780"]
[BlackElo "2126"]
[Annotator ""]
[PlyCount "67"]
[EventDate "2016.??.??"]
[EventType "team-tourn"]
[EventCountry "AZE"]
[SourceTitle "playchess.com"]
[Source "ChessBase"]
[WhiteTeam "Azerbaijan"]
[BlackTeam "Uzbekistan"]
[WhiteTeamCountry "AZE"]
[BlackTeamCountry "UZB"]
[TimeControl "40/5400+30:1800+30"]

1. e4 {(00:00)} e6 {(00:00)} 2. d4 {(00:00)} d5 {(
00:00)} 3. Nd2 {(00:00)} c5 {(00:00)} 4. Ngf3 {(00:16)}
cxd4 {(01:35)} 5. Nxd4 {(01:40)} Nc6 {(00:34)} 6. Nxc6 {
(00:40)} bxc6 {(00:06)} 7. Bd3 {(00:50)} Bd6 {(08:
37)} 8. O-O {(02:31)} Ne7 {(00:21)} 9. f4 {(08:30)} O-O {
(07:30)} 10. Qh5 {(08:04)} f5 {(03:18)} 11. e5 {(
01:04)} Bc5+ {(00:34)} 12. Kh1 {(00:21)} a5 {(01:33)} 13.
a4 {(03:12)} Ba6 {(02:08)} 14. Rf3 {(07:55)} Qe8 {(
04:11)} 15. Qxe8 {(01:57)} Rfxe8 {(00:07)} 16. Bxa6 {(01:
24)} Rxa6 {(00:05)} 17. Nb3 {(00:09)} Bb6 {(04:55)} 18.
Be3 {(01:10)} Bxe3 {(07:01)} 19. Rxe3 {(00:07)} Kf7 {
(05:58)} 20. Rd3 {(03:06)} Rb8 {(00:39)} 21. Nc5 {(
01:37)} Ra7 {(04:02)} 22. b3 {(00:22)} Rb4 {(04:27)} 23.
g3 {(00:14)} h6 {(00:57)} 24. h4 {(03:19)} Ng6 {(
06:08)} 25. Rad1 {(03:53)} Nf8 {(01:15)} 26. Rc3 {(00:45)}
Rb6 {(13:12)} 27. Kg2 {(02:32)} Ke7 {(03:39)} 28. Rd4 {
(00:59)} h5 {(02:31)} 29. Kf3 {(00:32)} Nd7 {(00:
30)} 30. Nxd7 {(03:00)} Kxd7 {(00:07)} 31. Rc5 {(00:05)}
Kc7 {(01:26)} 32. Ke3 {(03:04)} Rb4 {(02:51)} 33. Rxb4 {
(01:32)} axb4 {(00:06)} 34. a5 {(00:55)} 1/2-1/2

[Event "42nd Olympiad Baku 2016 Women"]
[Site "Baku"]
[Date "2016.09.06"]
[Round "5.17"]
[White "Almeraj, Etedal"]
[Black "Mora Oviedo, Andrea Melissa"]
[Result "0-1"]
[ECO "B24"]
[WhiteElo "1072"]
[BlackElo "1783"]
[Annotator ""]
[PlyCount "62"]
[EventDate "2016.??.??"]
[EventType "team-tourn"]
[EventCountry "AZE"]
[SourceTitle "playchess.com"]
[Source "ChessBase"]
[WhiteTeam "Kuwait"]
[BlackTeam "Honduras"]
[WhiteTeamCountry "KUW"]
[BlackTeamCountry "HON"]
[TimeControl "40/5400+30:1800+30"]

1. e4 {(00:00)} c5 {(00:00)} 2. Nc3 {(00:07)} Nc6 {
(00:17)} 3. Nf3 {(00:24)} d6 {(02:16)} 4. h3 {(00:
39)} Nf6 {(00:24)} 5. Bc4 {(00:35)} e6 {(01:33)} 6. O-O {
(01:01)} a6 {(03:03)} 7. d3 {(01:26)} d5 {(10:55)}
8. exd5 {(07:27)} exd5 {(01:18)} 9. Re1+ {(02:17)} Be7 {
(02:47)} 10. Bb3 {(01:28)} Na5 {(04:57)} 11. Bf4 {(
11:01)} b5 {(06:28)} 12. Ne5 {(04:59)} Be6 {(07:54)} 13.
a4 {(10:07)} Nxb3 {(03:19)} 14. cxb3 {(00:40)} d4 {
(07:56)} 15. Ne4 {(05:48)} Nxe4 {(05:37)} 16. Rxe4 {
(00:39)} Bd5 {(02:35)} 17. Bh6 {(03:33)} Bxe4 {(01:
39)} 18. Bxg7 {(00:41)} Rg8 {(00:59)} 19. Bh8 {(01:29)}
Bxg2 {(02:24)} 20. Qh5 {(00:38)} Bf3+ {(00:25)} 21. Ng4 {
(01:21)} Bxg4 {(01:51)} 22. hxg4 {(00:16)} Rxh8 {(
00:29)} 23. Re1 {(01:55)} Qd6 {(01:34)} 24. g5 {(01:14)}
Kd7 {(04:24)} 25. Qg4+ {(04:29)} Kc7 {(00:48)} 26. g6 {
(03:32)} hxg6 {(01:39)} 27. axb5 {(02:34)} axb5 {(
00:38)} 28. Qg2 {(01:47)} Rae8 {(02:14)} 29. Qg4 {(01:18)}
Qh2+ {(02:19)} 30. Kf1 {(00:22)} Bh4 {(00:55)} 31. Qe2 {
(00:50)} Qh1# 0-1

[Event "42nd Olympiad Baku 2016 Women"]
[Site "Baku"]
[Date "2016.09.06"]
[Round "5.1"]
[White "Al-Rufaye, Iman Hasan Mohammed"]
[Black "Montilla Reyes, Jorcerys"]
[Result "1/2-1/2"]
[ECO "B26"]
[WhiteElo "2001"]
[BlackElo "2194"]
[Annotator ""]
[PlyCount "125"]
[EventDate "2016.??.??"]
[EventType "team-tourn"]
[EventCountry "AZE"]
[SourceTitle "playchess.com"]
[Source "ChessBase"]
[WhiteTeam "Iraq"]
[BlackTeam "Venezuela"]
[WhiteTeamCountry "IRQ"]
[BlackTeamCountry "VEN"]
[TimeControl "40/5400+30:1800+30"]

1. e4 {(00:00)} c5 {(00:00)} 2. Nc3 {(00:00)} Nc6 {
(00:00)} 3. g3 {(00:00)} g6 {(00:00)} 4. Bg2 {(00:
00)} Bg7 {(00:00)} 5. d3 {(00:00)} d6 {(00:20)} 6. Be3 {
(00:30)} Nd4 {(00:56)} 7. Rb1 {(12:28)} Nf6 {(00:
28)} 8. h3 {(00:32)} e6 {(01:17)} 9. Nge2 {(01:14)} Nxe2 {
(02:55)} 10. Qxe2 {(01:40)} O-O {(00:05)} 11. O-O {
(07:56)} Rb8 {(03:00)} 12. e5 {(00:59)} Ne8 {(00:
20)} 13. exd6 {(16:13)} b6 {(00:08)} 14. Bf4 {(07:59)}
Nxd6 {(00:15)} 15. Nb5 {(17:15)} e5 {(00:08)} 16. Nxd6 {
(00:32)} Qxd6 {(00:19)} 17. Be3 {(01:02)} f5 {(01:
31)} 18. f4 {(05:25)} Bb7 {(00:52)} 19. Bxb7 {(03:12)}
Rxb7 20. Qf3 Re7 {(01:10)} 21. fxe5 {(02:06)} Bxe5 {(02:
10)} 22. Bg5 {(01:05)} Re6 {(01:37)} 23. Bf4 {(02:05)}
Rfe8 {(00:50)} 24. Kg2 {(04:33)} Bxf4 {(02:11)} 25. Qxf4 {
(01:20)} Qd5+ {(00:08)} 26. Qf3 {(01:25)} Re2+ {(
00:28)} 27. Rf2 {(00:14)} Rxf2+ {(04:05)} 28. Kxf2 {(01:
56)} Qd4+ {(04:18)} 29. Kf1 {(00:27)} Re3 {(00:12)} 30.
Qf2 {(01:33)} Rxd3 {(00:07)} 31. Qxd4 {(00:12)} Rxd4 32.
Ke2 Kf7 {(00:36)} 33. c3 {(01:28)} Rd7 {(00:28)} 34. Rf1 {
(01:53)} Ke6 {(00:25)} 35. b3 {(00:35)} g5 {(01:12]
} 36. Ke3 {(01:30)} Ke5 {(00:07)} 37. Re1 {(07:19)} f4+ {
(00:11)} 38. Kf3+ {(00:46)} Kf5 {(00:07)} 39. g4+ {
(00:57)} Kf6 {(00:04)} 40. h4 {(00:00)} Rd3+ {(00:
00)} 41. Ke4 {(03:03)} Rxc3 {(00:55)} 42. Rh1 {(13:03)}
Re3+ {(02:42)} 43. Kd5 {(00:14)} gxh4 {(00:11)} 44. Rxh4 {
(00:26)} Re7 {(00:25)} 45. Rh5 {(01:06)} Kg6 {(00:
21)} 46. Rf5 {(03:39)} Rf7 {(00:07)} 47. Ke6 {(00:15)} Rc7
{(02:00)} 48. Kd6 {(00:59)} Rc8 {(01:06)} 49. Rxf4 {
(00:16)} Rd8+ {(00:44)} 50. Ke5 {(01:48)} Rd2 {(01:
50)} 51. Ra4 {(01:04)} a5 {(00:05)} 52. Rf4 {(00:39)} Kg5
{(03:40)} 53. Rf7 {(01:49)} Rxa2 {(00:43)} 54. Rg7+ {
(00:36)} Kh6 {(02:57)} 55. Rb7 {(00:07)} a4 {(28:
55)} 56. Rxb6+ {(00:35)} Kg5 {(02:17)} 57. bxa4 {(00:24)}
h6 {(05:13)} 58. Ra6 {(00:27)} Rd2 {(02:30)} 59. a5 {
(00:45)} c4 {(00:35)} 60. Rc6 {(00:18)} Ra2 {(00:
22)} 61. a6 {(00:31)} c3 {(00:06)} 62. Ke4 {(05:05)} c2 {
(04:47)} 63. Kf3 {(00:18)} 1/2-1/2

[Event "42nd Olympiad Baku 2016 Women"]
[Site "Baku"]
[Date "2016.09.06"]
[Round "5.6"]
[White "Angolikin, Goretti"]
[Black "Meddeb, Chadha"]
[Result "1/2-1/2"]
[ECO "C02"]
[WhiteElo "1613"]
[BlackElo "1585"]
[Annotator ""]
[PlyCount "64"]
[EventDate "2016.??.??"]
[EventType "team-tourn"]
[EventCountry "AZE"]
[SourceTitle "playchess.com"]
[Source "ChessBase"]
[WhiteTeam "Uganda"]
[BlackTeam "Tunisia"]
[WhiteTeamCountry "UGA"]
[BlackTeamCountry "TUN"]
[TimeControl "40/5400+30:1800+30"]

1. e4 {(00:00)} e6 {(00:00)} 2. d4 {(00:00)} d5 {(
00:00)} 3. e5 {(00:10)} c5 {(00:00)} 4. Nf3 {(01:31)} Qb6
{(00:14)} 5. c3 {(04:51)} Nc6 {(00:05)} 6. a3 {(01:
02)} Bd7 {(00:03)} 7. Be2 {(00:49)} cxd4 {(00:43)} 8. cxd4
{(00:44)} Nge7 {(00:04)} 9. O-O {(00:36)} Nf5 {(02:
53)} 10. Bd3 {(17:25)} Nfxd4 {(02:41)} 11. Nbd2 {(02:39)}
Be7 {(06:23)} 12. Re1 {(04:08)} O-O {(06:40)} 13. Re3 {
(06:10)} Bc5 {(11:38)} 14. Nxd4 {(04:44)} Bxd4 {(
00:14)} 15. Bxh7+ {(33:45)} Kxh7 {(14:23)} 16. Qh5+ {(00:
47)} Kg8 {(00:04)} 17. Rh3 {(01:02)} f6 {(03:55)} 18. exf6
{(08:25)} Bxf6 {(00:58)} 19. Nf3 {(01:55)} Ne5 {(
17:55)} 20. Nxe5 Bxe5 21. Qh7+ {(06:05)} Kf7 {(00:34)} 22. Rf3+ {
(01:06)} Ke7 {(03:56)} 23. Qh4+ {(02:02)} Kd6 {(00:
29)} 24. Bf4 {(01:21)} Qxb2 {(03:56)} 25. Bxe5+ {(00:19)}
Qxe5 {(00:21)} 26. Qb4+ {(00:12)} Kc7 {(04:21)} 27. Rc1+ {
(00:11)} Bc6 {(00:54)} 28. Rxf8 {(00:12)} Rxf8 {(
00:21)} 29. Qxf8 {(00:06)} Qg5 {(00:15)} 30. Qf7+ {(00:30]
} Kd6 {(00:15)} 31. Qf8+ {(00:27)} Kd7 {(00:35)} 32. Qf7+
{(00:22)} Kd6 {(00:15)} 1/2-1/2

[Event "42nd Olympiad Baku 2016 Women"]
[Site "Baku"]
[Date "2016.09.06"]
[Round "5.8"]
[White "Ankudinova, Yelena"]
[Black "Girya, Olga"]
[Result "0-1"]
[ECO "A11"]
[WhiteElo "2126"]
[BlackElo "2452"]
[Annotator ""]
[PlyCount "90"]
[EventDate "2016.??.??"]
[EventType "team-tourn"]
[EventCountry "AZE"]
[SourceTitle "playchess.com"]
[Source "ChessBase"]
[WhiteTeam "Kazakhstan"]
[BlackTeam "Russia"]
[WhiteTeamCountry "KAZ"]
[BlackTeamCountry "RUS"]
[TimeControl "40/5400+30:1800+30"]

1. c4 {(00:00)} c6 {(00:00)} 2. Nf3 {(00:00)} d5 {(
00:00)} 3. e3 {(00:34)} Nf6 {(00:00)} 4. Nc3 {(01:07)} e6
{(00:14)} 5. b3 {(01:59)} Bd6 {(00:14)} 6. Bb2 {(
02:42)} O-O {(00:13)} 7. d4 {(02:27)} Nbd7 {(00:46)} 8.
Be2 {(03:04)} b6 {(01:21)} 9. Qc2 {(02:54)} Bb7 {(
00:09)} 10. O-O {(00:58)} Qe7 {(00:34)} 11. e4 {(11:45)}
Nxe4 {(01:35)} 12. Nxe4 {(00:13)} dxe4 {(00:04)} 13. Qxe4
{(00:10)} Nf6 {(00:44)} 14. Qc2 {(04:43)} c5 {(22:
08)} 15. Ne5 {(08:50)} cxd4 {(10:14)} 16. Bxd4 {(00:21)}
Rad8 {(00:14)} 17. Rad1 {(03:28)} Nd7 {(12:53)} 18. Nxd7 {
(02:53)} Rxd7 {(00:14)} 19. Bb2 {(20:43)} Qh4 {(05:
46)} 20. g3 {(08:31)} Qh3 {(00:21)} 21. f3 {(00:14)} Rfd8
{(01:52)} 22. Bc3 {(08:04)} h5 {(04:12)} 23. Qc1 {(
12:58)} f6 {(06:13)} 24. b4 {(00:52)} h4 {(00:47)} 25. Rf2
{(00:53)} hxg3 {(01:53)} 26. hxg3 {(00:10)} Bxg3 {(
02:17)} 27. Rg2 {(00:08)} Rxd1+ {(01:49)} 28. Bxd1 {(00:
03)} Qh4 {(04:42)} 29. Be2 {(00:20)} Bf4 {(00:23)} 30. Be1
{(01:49)} Qh6 {(01:36)} 31. Qa3 {(00:29)} Be3+ {(
01:03)} 32. Bf2 {(00:03)} Bxf2+ {(00:25)} 33. Rxf2 {(01:
04)} a6 {(12:07)} 34. Qb3 {(00:18)} Qc1+ {(01:13)} 35. Rf1
{(00:46)} Qg5+ {(00:09)} 36. Kf2 {(00:20)} Qh4+ {(
00:14)} 37. Kg2 {(00:40)} Rd2 {(04:07)} 38. Qe3 {(00:24)}
Qg5+ {(00:53)} 39. Qxg5 {(00:08)} Rxe2+ {(00:05)} 40. Kg3
{(00:00)} fxg5 {(00:00)} 41. Rd1 {(06:58)} Re3 {(
03:10)} 42. Rd6 {(05:31)} Bxf3 {(02:39)} 43. Rxb6 {(00:18]
} g4 {(00:35)} 44. Kh4 {(04:26)} Kf7 {(01:54)} 45. Rxa6 {
(00:21)} Kf6 {(00:09)} 0-1